 Dungeon Crawl Stone Soup version 0.30-a0-6-g7c9e10e132 (webtiles) character file.

Game seed: 14453081945855222874

48 themarg the Insei (level 3, -7/28 HPs)
             Began as a Gnoll Transmuter on Aug 22, 2022.
             Mangled by a worm (9 damage)
             ... on level 3 of the Dungeon.
             The game lasted 00:05:25 (1759 turns).

themarg the Insei (Gnoll Transmuter)                Turns: 1759, Time: 00:05:26

Health: -7/28      AC:  2    Str:  9    XL:     3   Next: 72%
Magic:  0/9        EV: 13    Int: 14    God:
Gold:   94         SH:  0    Dex: 12    Spells: 9/12 levels left

rFire   + . .      SeeInvis .    i - +0 falchion
rCold   . . .      Faith    .    (no shield)
rNeg    + . .      Spirit   +    a - +0 robe
rPois   .          Reflect  .    (no helmet)
rElec   .          Harm     .    (no cloak)
rCorr   .          Rampage  .    (no gloves)
Will    .....                    (no boots)
Stlth   ++........               h - amulet of guardian spirit
HPRegen 0.09/turn                d - ring of protection from fire
MPRegen 0.11/turn                e - ring of positive energy

@: no status effects
A: fangs 1, strong nose, distributed training
a: no special abilities


You were on level 3 of the Dungeon.
You visited 1 branch of the dungeon, and saw 3 of its levels.

You collected 94 gold pieces.

Inventory:

Hand Weapons
 i - a +0 falchion (weapon)
Missiles
 f - 12 stones
 j - 6 javelins
 l - 3 poisoned darts
Armour
 a - a +0 robe (worn)
Magical Staves
 o - a staff of conjuration
Jewellery
 d - a ring of protection from fire (left hand)
 e - a ring of positive energy (right hand)
 h - an amulet of guardian spirit (around neck)
Scrolls
 k - 2 scrolls of enchant weapon {unknown}
 n - a scroll of fog {unknown}
Potions
 b - 3 potions of lignification
 c - a potion of invisibility {unknown}
 g - a potion of cancellation {unknown}
 m - a potion of curing {unknown}


   Skills:
 + Level 2.6 Fighting
 + Level 1.0 Short Blades
 + Level 1.0 Long Blades
 + Level 1.0 Axes
 + Level 1.0 Maces & Flails
 + Level 1.0 Polearms
 + Level 1.0 Staves
 + Level 1.0 Ranged Weapons
 + Level 1.0 Throwing
 + Level 1.0 Armour
 + Level 4.6 Dodging
 + Level 1.0 Stealth
 + Level 1.0 Shields
 + Level 6.5 Unarmed Combat
 + Level 5.0 Spellcasting
 + Level 0.7 Conjurations
 + Level 0.7 Hexes
 + Level 0.7 Summonings
 + Level 0.7 Necromancy
 + Level 0.7 Translocations
 + Level 3.8 Transmutations
 + Level 0.7 Fire Magic
 + Level 0.7 Ice Magic
 + Level 0.7 Air Magic
 + Level 0.7 Earth Magic
 + Level 0.7 Poison Magic
 + Level 1.0 Invocations
 + Level 1.0 Evocations


You had 9 spell levels left.
You knew the following spells:

 Your Spells              Type           Power      Damage    Failure   Level
a - Beastly Appendage     Tmut           28%        N/A       3%          1
b - Wereblood             Tmut           14%        N/A       5%          2

Your spell library contained the following spells:

 Spells                   Type           Power      Damage    Failure   Level
 Spider Form              Tmut/Pois      9%         N/A       21%         3
 Gell's Gravitas          Tloc           5%         N/A       36%         3
 Teleport Other           Tloc           5%         N/A       36%         3
 Ice Form                 Ice/Tmut       9%         N/A       56%         4
 Animate Dead             Necr           5%         N/A       78%         4
 Borgnjor's Vile Clutch   Necr/Erth      2%         N/A       98%         5
 Death Channel            Necr           2%         N/A       100%        6
 Dispersal                Tloc           2%         N/A       100%        6


Dungeon Overview and Level Annotations

Branches:
Dungeon (3/15)

Altars:


Innate Abilities, Weirdness & Mutations

You have very sharp teeth.
Your uncanny sense of smell can sniff out nearby items.
Your experience applies equally to all skills.


Message History

a +0 dagger; a +0 sling; a goblin corpse
Found a potion of lignification.
You now have 86 gold pieces (gained 8).
Your transformation is almost over.
You now have 94 gold pieces (gained 8).
Your horns disappear.
Your talons disappear.
b - 3 potions of lignification (gained 1)
A worm comes into view.
You howl as the wereblood boils in your veins!
You howl as the wereblood boils in your veins!
Your primal bloodlust is almost over.
The worm bites you!
You hit the worm.
The worm is lightly wounded.
The worm bites you!
You hit the worm but do no damage. The worm bites you.
You slash the worm! You bite the worm, but do no damage.
The worm is moderately wounded.
You howl as the wereblood boils in your veins!
Your primal bloodlust has ended.
You barely miss the worm. You bite the worm, but do no damage.
The worm is moderately wounded.
The worm bites you.
You hit the worm.
The worm is heavily wounded.
The worm bites you.
* * * LOW HITPOINT WARNING * * *
You hit the worm but do no damage.
The worm is heavily wounded.
You barely miss the worm.
The worm is heavily wounded.
The worm bites you!
* * * LOW HITPOINT WARNING * * *
Casting: Wereblood (safe; 5% risk of failure)
Confirm with . or Enter, or press ? or * to list all spells.
You don't have enough magic to cast this spell.
You hit the worm.
The worm is heavily wounded.
The worm bites you!
You die...

# #..........#
####.......#
.#######.......#
.......#.......#
.......#.......#
.......#.......#
.......#.......#
#w.......#
#.@...####
#.....#
.........#
..........#
...........+
#..........#
#.....######
######


You could see a worm.

Vanquished Creatures
  2 dart slugs (D:1)
  3 ball pythons (D:1)
  2 endoplasms (D:2)
  4 giant cockroaches
  4 goblins
  5 hobgoblins
  3 jackals (D:2)
  5 bats
  4 frilled lizards
  2 kobolds (D:1)
  6 rats
40 creatures vanquished.

Notes
Turn   | Place    | Note
-------+----------+-------------------------------------------
     0 | D:1      | themarg the Gnoll Transmuter began the quest for the Orb.
     0 | D:1      | Reached XP level 1. HP: 17/17 MP: 6/6
     9 | D:1      | Noticed an ogre
    82 | D:1      | Reached XP level 2. HP: 23/23 MP: 5/7
    86 | D:1      | Learned a level 2 spell: Wereblood
   477 | D:1      | Found a faded altar of an unknown god.
   613 | D:1      | Reached skill level 5 in Spellcasting
   613 | D:1      | Reached XP level 3. HP: 28/28 MP: 6/9
  1094 | D:2      | Reached skill level 1 in Invocations
  1441 | D:2      | Reached skill level 1 in Short Blades
  1441 | D:2      | Reached skill level 1 in Long Blades
  1441 | D:2      | Reached skill level 1 in Axes
  1441 | D:2      | Reached skill level 1 in Maces & Flails
  1441 | D:2      | Reached skill level 1 in Polearms
  1441 | D:2      | Reached skill level 1 in Staves
  1441 | D:2      | Reached skill level 1 in Ranged Weapons
  1441 | D:2      | Reached skill level 1 in Throwing
  1441 | D:2      | Reached skill level 1 in Armour
  1441 | D:2      | Reached skill level 1 in Stealth
  1441 | D:2      | Reached skill level 1 in Shields
  1441 | D:2      | Reached skill level 1 in Evocations
  1757 | D:3      | HP: 1/28 [worm (7)]
  1759 | D:3      | Mangled by a worm

Illustrated notes

Levels and vault maps discovered:
D:1:      evilmike_arrival_come_back, layout_basic,
          hellmonk_ecumenical_altar_heavens_door
D:2:      layout_basic, kennysheep_generic_room_11
D:3:      layout_basic, serial_rivers, chequers_serial_rivers_micro_c,
          chequers_serial_rivers_room_b, chequers_serial_rivers_room_b,
          chequers_serial_rivers_marsh

Skill      XL: |  1  2  3 |
---------------+----------+-----
Spellcasting   | 5 |  5.0
Invocations    | 1 |  1.0
Short Blades   | 1 |  1.0
Long Blades    | 1 |  1.0
Axes           | 1 |  1.0
Maces & Flails | 1 |  1.0
Polearms       | 1 |  1.0
Staves         | 1 |  1.0
Ranged Weapons | 1 |  1.0
Throwing       | 1 |  1.0
Armour         | 1 |  1.0
Stealth        | 1 |  1.0
Shields        | 1 |  1.0
Evocations     | 1 |  1.0
Fighting       | |  2.6
Dodging        | |  4.6
Unarmed Combat | |  6.5
Conjurations   | |  0.7
Hexes          | |  0.7
Summonings     | |  0.7
Necromancy     | |  0.7
Translocations | |  0.7
Transmutations | |  3.8
Fire Magic     | |  0.7
Ice Magic      | |  0.7
Air Magic      | |  0.7
Earth Magic    | |  0.7
Poison Magic   | |  0.7

Action                   || total
-------------------------++-------
Melee: Unarmed           ||    10
       Kick              ||    11
       Headbutt          ||     6
       Whip              ||    23
       Falchion          ||    60
       Bite              ||     7
       Punch             ||     2
 Cast: Beastly Appendage ||    23
       Wereblood         ||     2
Armor: Robe              ||    16
Dodge: Dodged            ||    56

Table legend: (Time is in decaauts)
 A = Elapsed time spent in this place.
 B = Non-inter-level travel time spent in this place.
 C = Inter-level travel time spent in this place.
 D = Time resting spent in this place.
 E = Time spent auto-exploring this place.
 F = Levels seen in this place.
 G = Mean time per level.
                   A        B        C        D        E       F      G
               +--------+--------+--------+--------+--------+-----+--------+
         Total |   1775 |   1743 |     32 |    325 |    912 |   3 |  591.7 |
       Dungeon |   1775 |   1743 |     32 |    325 |    912 |   3 |  591.7 |
               +--------+--------+--------+--------+--------+-----+--------+

Top non-repeatable levels by time:
     D:1: 886 daAuts
     D:2: 797 daAuts
     D:3: 91 daAuts
